 Dungeon Crawl Stone Soup version 0.26-a0-683-g5206c1d7ac (webtiles) character file.

Game seed: 14875859417887502594

38 snetch the Chopper (level 3, 0/33 HPs)
             Began as a Hill Orc Monk on Oct 22, 2020.
             Slain by Natasha (5 damage)
             ... on level 3 of the Dungeon.
             The game lasted 00:02:27 (879 turns).

snetch the Chopper (Hill Orc Monk)                   Turns: 879, Time: 00:02:28

Health: 0/33       AC:  6    Str: 14    XL:     3   Next: 43%
Magic:  3/3        EV: 11    Int: 10    God:
Gold:   43         SH:  0    Dex: 13    Spells: 2/2 levels left

rFire    . . .     SeeInvis .   a - +0 hand axe
rCold    . . .     Faith    .   (no shield)
rNeg     . . .     Spirit   .   e - +0 ring mail (curse)
rPois    .         Reflect  .   (no helmet)
rElec    .         Harm     .   o - +0 cloak
rCorr    .         Rampage  .   (no gloves)
MR       .....                  (no boots)
Stlth    +.........             (no amulet)
HPRegen  0.11/turn              (no ring)
MPRegen  0.08/turn              (no ring)

@: hasted, very quick
A: no striking features
a: no special abilities


You were on level 3 of the Dungeon.
You visited 1 branch of the dungeon, and saw 3 of its levels.

You collected 43 gold pieces.

Inventory:

Hand Weapons
 a - a +0 hand axe (weapon)
Missiles
 d - 19 stones (quivered)
 k - 14 arrows
 m - 20 sling bullets
Armour
 b - a cursed +0 ring mail
 e - a cursed +0 ring mail (worn)
 o - a +0 cloak (worn)
Scrolls
 c - 3 scrolls of teleportation {unknown}
 f - 4 scrolls of identify {unknown}
 i - a scroll of enchant armour {unknown}
 j - a scroll of immolation {unknown}
 l - a scroll of noise {unknown}
 n - a scroll of fear {unknown}
Potions
 h - a potion of heal wounds {unknown}
 p - a potion of lignification {unknown}
 q - a potion of mutation {unknown}


   Skills:
 + Level 4.1 Fighting
 + Level 4.6 Axes
 + Level 0.2 Armour
 + Level 2.8 Dodging
 + Level 1.8 Stealth


You had 2 spell levels left.
You didn't know any spells.
Your spell library was empty.

Dungeon Overview and Level Annotations

Branches:
Dungeon (3/15)

Altars:
Hepliaklqana

Annotations:
D:3 Natasha


Message History

Natasha stares at you and mumbles some strange words.
The magic dart hits you.
You start resting.
Natasha is nearby!
Natasha howls an incantation.
Natasha shimmers violently.
Natasha claws you!
You closely miss Natasha. Natasha claws you!
You hit Natasha.
Natasha is lightly wounded.
Natasha claws you!
* * * LOW HITPOINT WARNING * * *
You aren't carrying any items that you can evoke.
You hit Natasha.
Natasha is moderately wounded.
Natasha hisses.
Natasha claws you.
* * * LOW HITPOINT WARNING * * *
It was a potion of haste.
You feel yourself speed up. Natasha claws you.
You die...

#######..........
.......<.........
.................
########.........
#..##.....
#..##.#..#
#.....# .#
#..#### #.@#
#..h.....#
#..#####.# #..#
#..# ...# #...
...#


You could see Natasha.

Vanquished Creatures
  A worm (D:2)
  A dart slug (D:1)
  13 goblins
  2 hobgoblins
  A quokka (D:2)
  4 bats (D:1)
  3 frilled lizards
  3 kobolds
  3 rats
31 creatures vanquished.

Notes
Turn   | Place    | Note
-------+----------+-------------------------------------------
     0 | D:1      | snetch the Hill Orc Monk began the quest for the Orb.
     0 | D:1      | Reached XP level 1. HP: 19/19 MP: 1/1
     6 | D:1      | You fall into a shaft and drop 1 floor!
    11 | D:2      | Found a hazy altar of Hepliaklqana.
   300 | D:1      | Reached XP level 2. HP: 22/27 MP: 2/2
   717 | D:2      | Reached XP level 3. HP: 33/33 MP: 3/3
   866 | D:3      | Noticed Natasha
   879 | D:3      | Slain by Natasha

Illustrated notes

Levels and vault maps discovered:
D:1:      erik_arrival_blinker_ship, layout_basic
D:2:      layout_basic, evilmike_ruin_ashenzari, nicolae_overflow_crystal_walls,
          minmay_pentomino_x2
D:3:      layout_loops_ring, fedhas_altar_2, uniq_natasha, uniq_robin,
          uniq_sigmund, uniq_grinder

Skill      XL: |  1  2 |
---------------+-------+-----
Fighting       | 4 |  4.1
Axes           | |  4.6
Armour         | |  0.2
Dodging        | |  2.8
Stealth        | |  1.8

Action                   || total
-------------------------++-------
Melee: Hand axe          ||    90
  Use: Potion            ||     1
Armor: Robe              ||     1
       Ring mail         ||    38
Dodge: Dodged            ||    60

Table legend: (Time is in decaauts)
 A = Elapsed time spent in this place.
 B = Non-inter-level travel time spent in this place.
 C = Inter-level travel time spent in this place.
 D = Time resting spent in this place.
 E = Time spent auto-exploring this place.
 F = Levels seen in this place.
 G = Mean time per level.
                   A        B        C        D        E       F      G
               +--------+--------+--------+--------+--------+-----+--------+
         Total |    887 |    885 |      2 |      3 |    486 |   3 |  295.7 |
       Dungeon |    887 |    885 |      2 |      3 |    486 |   3 |  295.7 |
               +--------+--------+--------+--------+--------+-----+--------+

Top non-repeatable levels by time:
     D:1: 677 daAuts
     D:2: 190 daAuts
     D:3: 19 daAuts
